 Dungeon Crawl Stone Soup version 0.29-a0-330-g52719c12eb (webtiles) character file.

Game seed: 4454793964849430138

2598 HoaS the Archer (level 9, -2/48 HPs)
             Began as a Gargoyle Hunter on May 17, 2022.
             Was an Initiate of Makhleb.
             Slain by an ice beast (4 damage)
             ... on level 7 of the Dungeon.
             The game lasted 00:12:41 (6993 turns).

HoaS the Archer (Gargoyle Hunter)                   Turns: 6993, Time: 00:12:42

Health: -2/48      AC: 16    Str: 15    XL:     9   Next: 59%
Magic:  9/9        EV: 11    Int: 10    God:    Makhleb [......]
Gold:   244        SH:  0    Dex: 17    Spells: 8/8 levels left

rFire   . . .      SeeInvis .   a - +2 shortbow (vorpal)
rCold   + + .      Faith    .   (shield currently unavailable)
rNeg    + . .      Spirit   .   g - +0 ring mail
rPois   ∞          Reflect  .   v - +0 helmet
rElec   +          Harm     .   x - +1 cloak "Jilad" {rC++}
rCorr   .          Rampage  .   h - +0 pair of gloves
Will    .....                   r - +0 pair of boots
Stlth   +.........              (no amulet)
HPRegen 0.16/turn               u - ring of flight
MPRegen 0.11/turn               (no ring)

@: flying
A: sickness immunity, AC +6, negative energy resistance 1, electricity
resistance, torment resistance 1, petrification resistance
a: Renounce Religion


You were on level 7 of the Dungeon.
You worshipped Makhleb.
Makhleb was noncommittal.
You visited 2 branches of the dungeon, and saw 8 of its levels.

You collected 244 gold pieces.

Inventory:

Hand Weapons
 a - a +2 vorpal shortbow (weapon)
Armour
 g - a +0 ring mail (worn)
 h - a +0 pair of gloves (worn)
 r - a +0 pair of boots (worn)
 v - a +0 helmet (worn)
 x - the +1 cloak "Jilad" (worn) {rC++}
   (You found it on level 7 of the Dungeon)

   rC:        It greatly protects you from cold.
Jewellery
 u - a ring of flight (left hand)
Wands
 m - a wand of polymorph (5)
 n - a wand of flame (54)
 o - a wand of acid (4)
Scrolls
 b - 4 scrolls of teleportation
 c - 3 scrolls of immolation
Potions
 e - a potion of invisibility
 f - 2 potions of flight
 i - 2 potions of curing
 j - a potion of cancellation
 l - 2 potions of resistance
 p - 2 potions of ambrosia
 q - a potion of lignification
 s - a potion of experience {unknown}
 t - 2 potions of magic {unknown}


   Skills:
 - Level 2.1 Fighting
 * Level 13.2 Bows
 - Level 1.5 Dodging
 - Level 1.1 Stealth


You had 8 spell levels left.
You didn't know any spells.
Your spell library contained the following spells:

 Spells                   Type           Power      Damage    Failure   Level
 Animate Skeleton         Necr           0%         N/A       58%         1
 Apportation              Tloc           0%         N/A       58%         1
 Freeze                   Ice            0%         1d3       58%         1
 Summon Small Mammal      Summ           0%         N/A       58%         1
 Static Discharge         Conj/Air       0%         N/A       75%         2
 Frozen Ramparts          Ice            0%         1d2       92%         3
 Gell's Gravitas          Tloc           0%         N/A       92%         3
 Lesser Beckoning         Tloc           0%         N/A       92%         3
 Ozocubu's Armour         Ice            0%         N/A       92%         3
 Teleport Other           Tloc           0%         N/A       92%         3
 Dispel Undead            Necr           0%         3d6       100%        4
 Fulminant Prism          Conj/Hex       0%         3d6       100%        4
 Hailstorm                Conj/Ice       0%         3d3       100%        4
 Iskenderun's Mystic Bla  Conj/Tloc      0%         2d3       100%        4
 Sticky Flame             Conj/Fire      0%         2d3       100%        4
 Iskenderun's Battlesphe  Conj           0%         2d6       100%        5
 Lee's Rapid Deconstruct  Erth           0%         3d5*      100%        5
 Metabolic Englaciation   Hex/Ice        0%         N/A       100%        5
 Iron Shot                Conj/Erth      0%         9d1       100%        6
 Simulacrum               Ice/Necr       0%         N/A       100%        6
 Spellforged Servitor     Conj/Summ      0%         N/A       100%        7


Dungeon Overview and Level Annotations

Branches:
Dungeon (7/15)             Temple (1/1) D:6

Altars:
Ashenzari
Dithmenos
Elyvilon
Gozag
Kikubaaqudgha
Makhleb
Okawaru
Qazlal
Ru
Sif Muna
Trog
Uskayaw
Vehumet
Wu Jian
Xom
Yredelemnul
Zin
The Shining One

Shops:
D:1 *   D:2 :=*!


Innate Abilities, Weirdness & Mutations

You are immune to sickness and miasma.
Your stone body is resilient. (AC +6)
You are immune to poison.
You resist negative energy. (rN+)
You are resistant to electric shocks. (rElec)
You are resistant to unholy torment.
You are immune to petrification.


Message History

You shoot an arrow. The arrow barely misses the ice beast.
The ice beast misses you.
Shoot: a) +2 shortbow (vorpal)
Press: ? - help, Q - select action, (/) - cycle Shift-Dir - straight line, f/p - ice beast
Aim: an ice beast (heavily wounded, 69% to hit)
You shoot an arrow.
The arrow hits the ice beast but does no damage.
The ice beast is heavily wounded.
The ice beast completely misses you.
Shoot: a) +2 shortbow (vorpal)
Press: ? - help, Q - select action, (/) - cycle Shift-Dir - straight line, f/p - ice beast
Aim: an ice beast (heavily wounded, 69% to hit)
You shoot an arrow.
The arrow hits the ice beast but does no damage.
The ice beast is heavily wounded.
Shoot: a) +2 shortbow (vorpal)
Press: ? - help, Q - select action, (/) - cycle Shift-Dir - straight line, f/p - ice beast
Aim: an ice beast (heavily wounded, 69% to hit)
You shoot an arrow. The arrow hits the ice beast.
The ice beast is severely wounded.
The ice beast hits you but does no damage.
Shoot: a) +2 shortbow (vorpal)
Press: ? - help, Q - select action, (/) - cycle Shift-Dir - straight line, f/p - ice beast
Aim: an ice beast (severely wounded, 69% to hit)
You shoot an arrow. The arrow closely misses the ice beast.
The ice beast hits you but does no damage.
Shoot: a) +2 shortbow (vorpal)
Press: ? - help, Q - select action, (/) - cycle Shift-Dir - straight line, f/p - ice beast
Aim: an ice beast (severely wounded, 69% to hit)
You shoot an arrow. The arrow closely misses the ice beast.
The ice beast hits you.
* * * LOW HITPOINT WARNING * * *
The ice beast freezes you. You resist.
* * * LOW HITPOINT WARNING * * *
Shoot: a) +2 shortbow (vorpal)
Press: ? - help, Q - select action, (/) - cycle Shift-Dir - straight line, f/p - ice beast
Aim: an ice beast (severely wounded, 69% to hit)
You shoot an arrow. The arrow closely misses the ice beast.
The ice beast hits you.
You die...

... ....>. .8.... #########
...... ##...#...##
####...8.8 ##.........##
#......... #...........#
####.)..8....
............###.@Y{......<.
#...............##...#....
##.........########..# .
##...#....# ..##
##.#####..# #.##
####.######.. #.
...#....##### ###.
##..<##.....##..##.
####...............


You could see an ice beast.

Vanquished Creatures
  Pikel (D:7)
  A steam dragon (D:6)
  Duvessa (D:7)
  2 black bears
  A sky beast (D:5)
  2 centaurs
  3 lemures (D:7)
  2 phantoms (D:5)
  A kobold brigand (D:6)
  2 necrophages
  2 scorpions (D:5)
  Dowan (D:7)
  5 killer bees (D:7)
  A howler monkey (D:4)
  Crazy Yiuf (D:3)
  6 hounds
  4 orc priests
  A gnoll shaman (D:6)
  2 iguanas
  5 orc wizards
  Robin (D:3)
  3 gnolls
  2 adders
  A shadow imp (D:5)
  A white imp (D:7)
  An ufetubus (D:6)
  A worm (D:2)
  25 orcs
  4 bats
  5 endoplasms
  14 goblins
  8 hobgoblins
  8 jackals
  A quokka (D:4)
  4 ball pythons
  4 frilled lizards
  10 kobolds
  4 rats
141 creatures vanquished.

Notes
Turn   | Place    | Note
-------+----------+-------------------------------------------
     0 | D:1      | HoaS the Gargoyle Hunter began the quest for the Orb.
     0 | D:1      | Reached XP level 1. HP: 12/12 MP: 1/1
   214 | D:1      | Found Juwkye Kinaa's Assorted Antiques.
   270 | D:1      | Reached XP level 2. HP: 17/17 MP: 2/2
   896 | D:2      | Reached skill level 5 in Bows
   896 | D:2      | Reached XP level 3. HP: 21/21 MP: 3/3
   961 | D:2      | Found a faded altar of an unknown god.
  1004 | D:2      | Found Xiosel's Book Emporium.
  1114 | D:2      | Found Hypre's Jewellery Boutique.
  1238 | D:2      | Found Eleer Ale's General Store.
  1301 | D:2      | Found Damigal's Distillery.
  1936 | D:3      | Noticed Robin
  1967 | D:3      | Killed Robin
  1968 | D:3      | Reached XP level 4. HP: 24/26 MP: 4/4
  2146 | D:3      | Reached skill level 6 in Bows
  2154 | D:3      | Reached XP level 5. HP: 3/30 MP: 5/5
  2864 | D:3      | Found a runed translucent door.
  2865 | D:3      | Noticed Crazy Yiuf
  3107 | D:3      | Killed Crazy Yiuf
  3379 | D:4      | Noticed a black bear
  3382 | D:4      | Reached skill level 7 in Bows
  3382 | D:4      | Reached XP level 6. HP: 35/35 MP: 6/6
  3393 | D:4      | Killed a black bear
  3809 | D:5      | Entered Level 5 of the Dungeon
  3814 | D:5      | Reached skill level 8 in Bows
  3814 | D:5      | Reached XP level 7. HP: 22/40 MP: 7/7
  4245 | D:5      | Reached skill level 9 in Bows
  4431 | D:5      | Reached XP level 8. HP: 39/44 MP: 8/8
  4591 | D:5      | Reached skill level 10 in Bows
  5553 | D:6      | Reached skill level 11 in Bows
  5817 | D:6      | Found a staircase to the Ecumenical Temple.
  5838 | Temple   | Entered the Ecumenical Temple
  5975 | Temple   | Became a worshipper of Makhleb the Destroyer
  6451 | D:7      | Noticed Pikel
  6478 | D:7      | Killed Pikel
  6479 | D:7      | Reached skill level 12 in Bows
  6479 | D:7      | Reached XP level 9. HP: 39/48 MP: 9/9
  6549 | D:7      | Identified the +1 cloak "Jilad" {rC++}
  6595 | D:7      | Noticed Duvessa
  6595 | D:7      | Noticed Dowan
  6611 | D:7      | Killed Duvessa
  6656 | D:7      | Killed Dowan
  6657 | D:7      | Reached skill level 13 in Bows
  6944 | D:7      | Identified the +4 trident of the Valley {vorpal, rCorr}
  6992 | D:7      | HP: 2/48 [ice beast (4)]
  6993 | D:7      | Slain by an ice beast

Illustrated notes

Levels and vault maps discovered:
D:1:      minmay_arrival_five_plusses, layout_basic, serial_shops,
          nicolae_shop_behind_doors, serial_bayou_crossing
D:2:      layout_loops_corners, basic_ecumenical_altar, serial_shops,
          nicolae_shop_temple_entry_statues_fountains,
          nicolae_shop_advertising_works [nicolae_subvault_shop_adworks],
          shop_statue, shop
D:3:      layout_loops_ring, dk_noncrumbling_2, kennysheep_path_1,
          uniq_crazy_yiuf_cottage, uniq_robin
D:4:      layout_loops_cross
D:5:      layout_gridville, minmay_fractal_squares_5
D:6:      layout_cave_pools, minmay_temple_entry_offerings,
          minmay_misc_feat_tower
D:7:      layout_rooms, gammafunk_temple_overflow_wave, minivault_23,
          corexii_corridor_pit, grunt_ministairs_10, minmay_misc_feat_plants,
          uniq_duvessa, uniq_pikel, uniq_menkaure
Temple:   mainiacjoe_temple_coin_purse

Skill      XL: |  1  2  3  4  5  6  7  8  9 |
---------------+----------------------------+-----
Bows           | 5 6 7 8 9 12 13 | 13.2
Fighting       | |  2.1
Dodging        | |  1.5
Stealth        | |  1.1

Action                   |  1- 3 |  4- 6 |  7- 9 || total
-------------------------+-------+-------+-------++-------
 Fire: Shortbow          |    69 |   122 |   306 ||   497
  Use: Scroll            |     8 |     1 |    10 ||    19
       Potion            |       |     1 |     4 ||     5
Armor: Ring mail         |    18 |    29 |   168 ||   215
Dodge: Dodged            |    16 |    32 |   139 ||   187

Table legend: (Time is in decaauts)
 A = Elapsed time spent in this place.
 B = Non-inter-level travel time spent in this place.
 C = Inter-level travel time spent in this place.
 D = Time resting spent in this place.
 E = Time spent auto-exploring this place.
 F = Levels seen in this place.
 G = Mean time per level.
                   A        B        C        D        E       F      G
               +--------+--------+--------+--------+--------+-----+--------+
         Total |   7072 |   6886 |    186 |   1582 |   4194 |   8 |  884.0 |
       Dungeon |   6926 |   6768 |    158 |   1582 |   4092 |   7 |  989.4 |
        Temple |    146 |    118 |     28 |      0 |    102 |   1 |  146.0 |
               +--------+--------+--------+--------+--------+-----+--------+

Top non-repeatable levels by time:
     D:5: 1621 daAuts
     D:3: 1446 daAuts
     D:2: 915 daAuts
     D:6: 855 daAuts
     D:1: 837 daAuts
     D:4: 665 daAuts
     D:7: 583 daAuts
  Temple: 146 daAuts
